 Dungeon Crawl Stone Soup version 0.28-a0-726-g4a9143789a (webtiles) character file.

Game seed: 14983558885310614973

60 cheechan the Chopper (level 4, 0/43 HPs)
             Began as a Naga Chaos Knight on Oct 27, 2021.
             Was a Plaything of Xom.
             Slain by a howler monkey (4 damage)
             ... on level 3 of the Dungeon.
             The game lasted 00:04:43 (1440 turns).

cheechan the Chopper (Naga Chaos Knight)            Turns: 1440, Time: 00:04:45

Health: 0/43       AC:  5    Str: 13    XL:     4   Next: 4%
Magic:  4/4        EV:  9    Int: 13    God:    Xom [.....*]
Gold:   36         SH:  0    Dex: 16    Spells: 3/3 levels left

rFire   x . .      SeeInvis +   a - +0 hand axe (chaos)
rCold   + . .      Faith    .   (no shield)
rNeg    . . .      Spirit   .   b - +2 leather armour
rPois   +          Reflect  .   (no helmet)
rElec   .          Harm     .   (no cloak)
rCorr   .          Rampage  .   (no gloves)
Will    .....                   (no barding)
Stlth   ++........              (no amulet)
HPRegen 0.14/turn               f - +6 ring of dexterity
MPRegen 0.09/turn               e - ring of ice

@: lethally poisoned (0 -> -2), very slow
A: AC +1, large, see invisible, deformed body, poison resistance, slowness 2,
spit poison 1, naga tail 1, weak 1
a: Spit Poison, Renounce Religion


You were on level 3 of the Dungeon.
You worshipped Xom.
You were Xom's teddy bear.
You visited 1 branch of the dungeon, and saw 3 of its levels.

You collected 36 gold pieces.

Inventory:

Hand Weapons
 a - a +0 hand axe of chaos (weapon)
 g - a +1 dagger of venom
Missiles
 c - 61 stones
 d - 4 javelins
 h - 26 arrows
Armour
 b - a +2 leather armour (worn)
Jewellery
 e - a ring of ice (right hand)
 f - a +6 ring of dexterity (left hand)
Scrolls
 i - a scroll of enchant armour {unknown}
Potions
 j - a potion of attraction {unknown}


   Skills:
 + Level 3.6 Fighting
 + Level 3.9 Axes
 + Level 1.9 Armour
 + Level 1.0 Dodging
 + Level 0.9 Stealth


You had 3 spell levels left.
You didn't know any spells.
Your spell library was empty.

Dungeon Overview and Level Annotations

Branches:
Dungeon (2/15)

Altars:


Innate Abilities, Weirdness & Mutations

Your serpentine skin is tough. (AC +1)
You have supernaturally acute eyesight. (SInv)
Armour fits poorly on your strangely shaped body.
Your system is resistant to poisons. (rPois)
You cover ground very slowly.
You can spit poison.
You have a snake-like lower body.
You are weak. (Str -2)


Message History

Abil: Spit Poison
Press: ? - help, Q - select action, (/) - cycle Shift-Dir - straight line, f - adder
Aim: an adder (asleep)
The splash of poison hits the adder.
The adder is poisoned.
The adder is moderately wounded.
The howler monkey hoots and howls with incredible vigour!
You hear a shout! x2
You closely miss the adder.
The adder is moderately wounded.
The adder bites you.
* * * LOW HITPOINT WARNING * * *
The adder closely misses you.
You barely miss the adder.
The adder is moderately wounded.
The howler monkey hoots and howls with incredible vigour!
The adder closely misses you.
You closely miss the adder.
The adder is heavily wounded.
The adder looks more healthy.
The adder bites you.
* * * LOW HITPOINT WARNING * * *
The adder closely misses you.
You closely miss the adder.
The adder is severely wounded.
You have got your breath back.
The adder barely misses you.
A goblin comes into view. It is wielding a +0 club.
Your leather armour prevents you from hitting the adder.
The adder is severely wounded.
You hit the howler monkey. You burn the howler monkey. The adder bites you.
* * * LOW HITPOINT WARNING * * *
You are poisoned.
The adder poisons you! The howler monkey barely misses you.
The adder closely misses you.
You hit the adder. You freeze the adder.
You kill the adder!
You hit the howler monkey.
* * * LOW HITPOINT WARNING * * *
You feel sick. The howler monkey barely misses you. The howler monkey hits you.
You die...
Xom howls with laughter!

.........
#####.......#
............
#..........
#.....>...#
#.......g.#
#......h..##
#.......@†.#
#####...##...#
###...##.#
###.# # ...
... ..... ....
....


You could see a howler monkey and a goblin.

Vanquished Creatures
  3 adders
  A worm (D:2)
  2 dart slugs
  An orc (D:2)
  A bat (D:2)
  4 endoplasms
  A goblin (D:1)
  3 hobgoblins
  3 jackals (D:2)
  3 kobolds
  2 quokkas
  3 ball pythons
  2 frilled lizards
  A rat (D:1)
30 creatures vanquished.

Vanquished Creatures (collateral kills)
  A bat (D:1)
1 creature vanquished.

Grand Total: 31 creatures vanquished

Notes
Turn   | Place    | Note
-------+----------+-------------------------------------------
     0 | D:1      | cheechan the Naga Chaos Knight began the quest for the Orb.
     0 | D:1      | Reached XP level 1. HP: 21/21 MP: 1/1
    44 | D:1      | XOM: potion effect (invisibility)
   237 | D:1      | Reached XP level 2. HP: 28/28 MP: 2/2
   458 | D:1      | XOM: enchant monster (good)
   460 | D:1      | XOM: cast spell 'Monstrous Menagerie'
   473 | D:1      | XOM: cloud trail
   629 | D:1      | XOM: cloud trail
  1018 | D:2      | XOM: torment (14/28 hp)
  1168 | D:2      | Reached XP level 3. HP: 21/34 MP: 3/3
  1219 | D:2      | XOM: noise
  1384 | D:2      | Reached skill level 1 in Dodging
  1384 | D:2      | Reached XP level 4. HP: 10/43 MP: 4/4
  1430 | D:2      | XOM: give mutation
  1430 | D:2      | Gained mutation: You are weak. (Str -2) [Xom's mischief]
  1431 | D:2      | You fall into a shaft and drop 1 floor!
  1440 | D:3      | Slain by a howler monkey

Illustrated notes

Levels and vault maps discovered:
D:1:      mainiacjoe_arrival_reflecting_pool, layout_basic
D:2:      layout_basic, grunt_ministairs_15, nrook_loot_triangle
D:3:      layout_rooms, nicolae_overflow_quartered_altars,
          chequers_ecumenical_altar_simple_redux, gammafunk_ghost_mausoleum,
          minmay_door_square, uniq_robin, uniq_grinder

Skill      XL: |  1  2  3 |
---------------+----------+-----
Dodging        | 1 |  1.0
Fighting       | |  3.6
Axes           | |  3.9
Armour         | |  1.9
Stealth        | |  0.9

Action                   |  1- 3 |  4- 6 || total
-------------------------+-------+-------++-------
Melee: Hand axe          |    81 |    14 ||    95
 Abil: Spit Poison       |     5 |     2 ||     7
  Use: Scroll            |     1 |       ||     1
 Stab: Invisible         |     1 |       ||     1
       Petrified         |     1 |       ||     1
Armor: Leather armour    |    21 |     4 ||    25
Dodge: Dodged            |    47 |    10 ||    57

Table legend: (Time is in decaauts)
 A = Elapsed time spent in this place.
 B = Non-inter-level travel time spent in this place.
 C = Inter-level travel time spent in this place.
 D = Time resting spent in this place.
 E = Time spent auto-exploring this place.
 F = Levels seen in this place.
 G = Mean time per level.
                   A        B        C        D        E       F      G
               +--------+--------+--------+--------+--------+-----+--------+
         Total |   1847 |   1847 |      0 |    316 |      0 |   3 |  615.7 |
       Dungeon |   1847 |   1847 |      0 |    316 |      0 |   3 |  615.7 |
               +--------+--------+--------+--------+--------+-----+--------+

Top non-repeatable levels by time:
     D:1: 1058 daAuts
     D:2: 778 daAuts
     D:3: 10 daAuts
